 Dungeon Crawl Stone Soup version 0.27-a0-32-g443bf2d2ca (webtiles) character file.

Game seed: 11491487924686685982

15 DocSulfur the Sneak (level 2, 0/15 HPs)
             Began as a Kobold Enchanter on Jan 4, 2021.
             Slain by a goblin
             ... wielding a +0 club
             ... led by Robin
              (3 damage)
             ... on level 1 of the Dungeon.
             The game lasted 00:04:10 (949 turns).

DocSulfur the Sneak (Kobold Enchanter)               Turns: 949, Time: 00:04:11

Health: 0/15       AC:  6    Str:  5    XL:     2   Next: 65%
Magic:  5/5        EV: 15    Int: 16    God:
Gold:   71         SH:  0    Dex: 15    Spells: 2/5 levels left

rFire    . . .     SeeInvis .   a - +1 dagger
rCold    . . .     Faith    .   (shield restricted)
rNeg     . . .     Spirit   .   b - +0 robe
rPois    .         Reflect  .   (no helmet)
rElec    .         Harm     .   (no cloak)
rCorr    .         Rampage  .   (no gloves)
Will     .....                  (no boots)
Stlth    ++++......             (no amulet)
HPRegen  0.05/turn              j - +4 ring of protection
MPRegen  0.09/turn              (no ring)

@: no status effects
A: small, nightstalker 3
a: no special abilities


You were on level 1 of the Dungeon.
You visited 1 branch of the dungeon, and saw 2 of its levels.

You collected 71 gold pieces.

Inventory:

Hand Weapons
 a - a +1 dagger (weapon)
Missiles
 i - a throwing net
Armour
 b - a +0 robe (worn)
Jewellery
 j - a +4 ring of protection (left hand)
Scrolls
 c - a scroll of amnesia {unknown}
 d - a scroll of random uselessness {unknown}
 e - 3 scrolls of identify {unknown}
 g - 2 scrolls of fear {unknown}
 h - 3 scrolls of fog {unknown}
 k - a scroll of enchant armour {unknown}
 l - a scroll of remove curse {unknown}
 m - a scroll of teleportation {unknown}
Potions
 f - a potion of flight {unknown}


   Skills:
 + Level 1.8 Short Blades
 - Level 2.4 Dodging
 + Level 4.2 Stealth
 + Level 2.3 Spellcasting
 + Level 0.5 Conjurations
 * Level 3.2 Hexes
 + Level 0.4 Ice Magic


You had 2 spell levels left.
You knew the following spells:

 Your Spells              Type           Power        Failure   Level
a - Corona                Hex            13%          5%          1
b - Ensorcelled Hibernat  Hex/Ice        14%          14%         2

Your spell library contained the following spells:

 Spells                   Type           Power        Failure   Level
 Confusing Touch          Hex            12%          16%         3
 Tukima's Dance           Hex            12%          16%         3
 Dazzling Flash           Conj/Hex       14%          28%         3


Dungeon Overview and Level Annotations

Branches:
Dungeon (2/15)

Altars:

Annotations:
D:2 Natasha, Robin, Sigmund


Innate Abilities, Weirdness & Mutations

You are small and have problems with some larger weapons.
You are completely attuned to the shadows.


Message History

The hobgoblin shouts! x2; Robin shouts!
The hobgoblin shouts!
The goblin shouts!
You hear a shout! x2
A hobgoblin comes into view. It is wielding a +0 club.
The hobgoblin misses you.
A goblin comes into view. It is wielding a +0 dagger.
The hobgoblin barely misses you. Robin throws the goblin at you!
A leopard gecko comes into view.
The kobold shouts!
The goblin closely misses you. The goblin misses you.
Robin roars a battlecry!
The goblins go into a battle-frenzy!
The hobgoblin completely misses you. The hobgoblin hits you with a +0 club!
Ouch! That really hurt!
The goblin hits you with a +0 dagger.
* * * LOW HITPOINT WARNING * * *
The hobgoblin closely misses you.
You climb upwards.
There is a stone staircase leading down here.
The goblin hits you with a +0 club.
You die...

#......# ##########.......
#......# #.......##.......
#......######.......##.......
#...................##.......
####.###..................... #.#
#...........##........
####.###.....###..###........
#............###.............
#..........g@g.#..######...#.
#..........g>g.....##........
#..........gg....(...........
####............##.(..........>.
#..................#.#..........
##.##.............###.#..........
.................## #............
..#########......# #.#...##.###.
### ####...#....####...####...##


You could see 3 hobgoblins and 3 goblins.

Vanquished Creatures
  A leopard gecko (D:1)
  4 goblins (D:2)
  A hobgoblin (D:1)
  2 bats
  A frilled lizard (D:2)
  3 kobolds
  3 rats (D:1)
15 creatures vanquished.

Notes
Turn   | Place    | Note
-------+----------+-------------------------------------------
     0 | D:1      | DocSulfur the Kobold Enchanter began the quest for the Orb.
     0 | D:1      | Reached XP level 1. HP: 10/10 MP: 3/3
   424 | D:1      | Reached XP level 2. HP: 15/15 MP: 5/5
   694 | D:2      | Noticed Sigmund
   845 | D:2      | Learned a level 2 spell: Ensorcelled Hibernation
   891 | D:2      | Noticed Natasha
   945 | D:2      | Noticed Robin
   949 | D:1      | Slain by a goblin

Illustrated notes

Levels and vault maps discovered:
D:1:      psy_arrival_radial01, layout_rooms
D:2:      layout_loops_ring, lemuel_round_altar, uniq_sigmund, uniq_natasha,
          uniq_robin

Action                   || total
-------------------------++-------
Melee: Dagger            ||    43
 Cast: Corona            ||     9
 Stab: Sleeping          ||     7
Armor: Robe              ||     9
Dodge: Dodged            ||    43

Table legend: (Time is in decaauts)
 A = Elapsed time spent in this place.
 B = Non-inter-level travel time spent in this place.
 C = Inter-level travel time spent in this place.
 D = Time resting spent in this place.
 E = Time spent auto-exploring this place.
 F = Levels seen in this place.
 G = Mean time per level.
                   A        B        C        D        E       F      G
               +--------+--------+--------+--------+--------+-----+--------+
         Total |    947 |    888 |     59 |      0 |    580 |   2 |  473.5 |
       Dungeon |    947 |    888 |     59 |      0 |    580 |   2 |  473.5 |
               +--------+--------+--------+--------+--------+-----+--------+

Top non-repeatable levels by time:
     D:1: 745 daAuts
     D:2: 201 daAuts
